Map: Ruines de Seras

Players

RoX

  • Race: Terran Terran
  • League: Diamond

Kinder - Winner!

  • Race: Terran Terran
  • League: Master

VOD

Have the link to the VOD?

Description

Time

  • Played on: Jan. 31, 2016, 8:34 a.m.
  • Length: 12:47
Show
View Real Time Build Order
Export as new Build Order

RoX Terran 

Build Orders:  

Get SALT Encoding   

  12  0:00  SCV  
  13  0:13  SCV  
  14  0:18  Supply Depot  
  14  0:25  SCV  
  15  0:39  SCV  
  15  0:40  Barracks  
  16  0:45  Refinery  
  16  0:51  SCV  
  17  1:03  SCV  
  18  1:16  SCV  
  19  1:28  Orbital Command  
  19  1:29  Barracks Reactor  
  19  1:46  Command Center  
  19  1:53  Supply Depot  
  19  1:56  SCV  
  20  2:05  Marine x2  
  22  2:15  Factory  
  22  2:22  Marine x2  
  22  2:25  SCV  
  25  2:37  SCV  
  25  2:38  Refinery  
  25  2:40  Marine x2  
  28  2:49  SCV  
  29  2:58  Marine x2  
  29  3:00  Starport  
  29  3:01  SCV  
  29  3:03  Factory Tech Lab  
  32  3:13  Orbital Command, SCV  
  32  3:19  Marine x2  
  35  3:27  Cyclone  
  35  3:31  SCV  
  39  3:40  Marine x2  
  40  3:43  SCV, Medivac  
  40  3:46  SCV  
  44  3:51  Refinery  
  45  3:55  SCV  
  45  3:59  Marine  
  46  4:10  Engineering Bay  
  46  4:25  Supply Depot  
  46  4:39  Supply Depot  
  46  4:46  Marine x2  
  46  4:47  Siege Tank, SCV x2  
  45  4:59  SCV x2  
  43  5:04  Marine  
  44  5:11  SCV x2, Medivac  
  44  5:12  Marine  
  49  5:19  Siege Tank  
  52  5:22  Marine  
  52  5:23  SCV  
  52  5:24  Terran Infantry Weapons Level 1  
  52  5:28  Supply Depot  
  54  5:43  Barracks  
  54  5:49  Marine x2, SCV x2  
  58  5:54  Supply Depot  
  58  6:14  Marine x2, Siege Tank  
  44  6:55  Marine x2, Barracks Tech Lab  
  44  6:56  Siege Tank, Medivac  
  44  7:00  SCV x2  
  53  7:08  Supply Depot  
  53  7:12  Marine, SCV x2  
  53  7:13  Marine  
  57  7:22  Marine  
  57  7:23  Combat Shields  
  57  7:24  SCV x2  
  60  7:30  Marine x2, Siege Tank  
  60  7:36  SCV  
  60  7:37  SCV  
  67  7:40  Marine  
  68  7:44  Supply Depot x2  
  68  7:46  Barracks  
  68  7:47  Terran Infantry Armor Level 1  
  68  7:48  Marine x2  
  70  7:56  Missile Turret  
  70  7:58  Missile Turret  
  70  7:59  Marine  
  71  8:06  Marine x2, SCV  
  71  8:07  SCV  
  75  8:17  Marine  
  75  8:18  SCV  
  75  8:19  SCV  
  78  8:22  Siege Tank  
  78  8:24  Marine x2  
  83  8:30  SCV  
  83  8:31  SCV  
  85  8:35  Marine  
  82  8:42  Marine x2  
  84  8:53  Marine  
  85  8:56  SCV x2  
  85  8:59  Marine x2  
  85  9:00  Barracks Reactor  
  89  9:04  Missile Turret  
  89  9:07  Missile Turret  
  89  9:09  Missile Turret, Starport Reactor  
  92  9:10  Siege Tank  
  92  9:11  Marine  
  92  9:15  Armory  
  93  9:17  Marine x2  
  93  9:20  Refinery  
  95  9:29  Marine  
  96  9:35  Marine x2  
  96  9:38  Marine x2  
  100  9:46  Marine  
  100  9:51  Supply Depot  
  101  9:53  Marine  
  101  9:55  Missile Turret  
  102  10:13  Marine x5, Siege Tank  
  110  10:16  Terran Vehicle Weapons Level 1, Terran Infantry Weapons Level 2  
  110  10:20  Medivac  
  110  10:38  Command Center  
  110  10:51  Supply Depot  
  110  10:52  Supply Depot  
  110  11:12  Marine x5, Medivac  
  110  11:13  Medivac  
  110  11:14  Siege Tank  
  122  11:30  Marine x5  
  71  11:42  Medivac  
  71  11:46  Siege Tank, Medivac  
  78  11:48  Marine x5  
  83  11:54  Orbital Command  
  83  12:06  Marine x5  
  88  12:12  Refinery x2, Medivac  
  90  12:15  Medivac  
  95  12:23  Marine x5  
  100  12:34  Missile Turret  
  100  12:35  SCV x2  
  100  12:36  Missile Turret  
Show
View Real Time Build Order
Export as new Build Order

Kinder Terran - Winner!

Build Orders: Bio Tank 

Get SALT Encoding   

  12  0:01  SCV  
  13  0:13  SCV  
  14  0:18  Supply Depot  
  14  0:25  SCV  
  15  0:34  Refinery  
  15  0:40  SCV  
  16  0:46  Barracks  
  16  0:52  SCV  
  17  1:04  SCV  
  17  1:05  Refinery  
  18  1:16  SCV  
  20  1:33  Orbital Command, Reaper  
  20  1:43  Supply Depot  
  20  1:50  Factory  
  20  1:59  SCV  
  21  2:06  Reaper  
  22  2:18  SCV  
  23  2:30  SCV  
  23  2:35  Hellion, Starport  
  26  2:38  Reaper  
  26  2:42  SCV  
  28  2:45  Supply Depot  
  28  2:54  SCV  
  28  2:56  Hellion  
  30  3:06  SCV  
  30  3:12  Reaper  
  32  3:13  Medivac  
  34  3:23  Factory Tech Lab  
  34  3:29  Command Center  
  34  3:32  SCV  
  35  3:42  Barracks  
  35  3:45  Barracks Reactor  
  36  3:48  SCV  
  36  3:52  Cyclone  
  39  3:59  Supply Depot  
  39  4:00  Starport Tech Lab  
  39  4:12  Supply Depot  
  39  4:18  Barracks  
  39  4:20  SCV  
  39  4:21  Marine  
  39  4:22  Marine  
  42  4:32  Siege Tank  
  42  4:34  SCV  
  44  4:54  Marine x2, SCV x2  
  46  5:05  Marine, Stimpack  
  46  5:06  Starport Reactor, SCV  
  44  5:12  Marine  
  45  5:15  Marine  
  45  5:16  Barracks Reactor  
  45  5:18  SCV  
  46  5:22  Engineering Bay  
  46  5:27  Siege Tank  
  49  5:30  SCV  
  49  5:32  Orbital Command  
  50  5:39  Marine x2  
  50  5:42  Medivac  
  54  5:47  Medivac  
  54  5:49  Marine  
  57  5:54  Bunker  
  57  5:55  SCV  
  58  5:58  Marine, SCV  
  58  6:02  Marine  
  61  6:12  Marine x2, Medivac  
  61  6:13  SCV x2  
  61  6:16  Marine  
  61  6:17  Marine  
  69  6:20  Marine  
  70  6:30  Marine x2  
  68  6:34  Marine  
  68  6:35  Marine  
  68  6:36  SCV x2  
  68  6:38  Marine, Siege Tank  
  68  6:50  Marine  
  68  6:51  Marine  
  70  7:03  Terran Infantry Weapons Level 1  
  70  7:04  Supply Depot  
  70  7:05  Supply Depot  
  70  7:18  Refinery x2  
  70  7:19  Command Center  
  70  7:21  Marine x3, Siege Tank, Medivac  
  78  7:22  Supply Depot  
  78  7:25  SCV x2  
  78  7:27  Engineering Bay  
  80  7:33  Marine  
  81  7:37  SCV x2, Medivac  
  81  7:39  Barracks  
  85  7:46  Marine x3  
  85  7:49  SCV x2  
  90  7:57  Siege Tank  
  93  8:00  Marine x2  
  93  8:01  Supply Depot  
  93  8:02  SCV  
  93  8:04  Marine x2, SCV  
  99  8:08  Supply Depot  
  98  8:17  SCV x2  
  98  8:18  Marine x2  
  102  8:22  Marine x2  
  104  8:29  SCV  
  104  8:32  SCV  
  104  8:33  Orbital Command  
  106  8:35  Marine x3  
  106  8:36  Terran Infantry Armor Level 1  
  109  8:41  SCV  
  109  8:44  Missile Turret, SCV  
  111  8:53  Marine  
  111  8:54  Marine x3  
  111  8:55  Siege Tank, Medivac  
  118  8:58  Orbital Command  
  118  9:09  Marine  
  119  9:11  Marine x2  
  119  9:12  Marine, Barracks Reactor  
  119  9:16  Barracks, SCV x2  
  123  9:20  Medivac  
  125  9:25  SCV, Medivac  
  125  9:27  Siege Tank  
  125  9:28  SCV  
  132  9:35  Missile Turret x2  
  132  9:37  Marine  
  133  9:40  Sensor Tower  
  133  9:42  Refinery  
  133  9:48  Combat Shields  
  133  9:53  Supply Depot x2  
  133  10:02  Refinery  
  133  10:03  Supply Depot  
  133  10:04  Supply Depot  
  133  10:07  Factory  
  133  10:08  SCV  
  133  10:14  Marine x6  
  133  10:15  Marine, SCV x2  
  142  10:22  Siege Tank  
  142  10:23  Barracks Reactor  
  142  10:26  Medivac x2  
  149  10:32  Marine x3, Armory  
  152  10:38  Marine x3, Sensor Tower  
  154  10:45  Marine  
  155  10:50  Marine x3  
  155  10:54  Supply Depot x2, SCV  
  155  10:55  Medivac  
  155  10:56  Marine, Medivac  
  164  11:01  Marine  
  165  11:04  Marine  
  165  11:11  Factory Tech Lab  
  165  11:12  Supply Depot  
  165  11:15  Marine x4  
  145  11:38  Marine x6  
  145  11:39  Marine x2  
  146  11:40  Siege Tank x2  
  146  11:42  Medivac x2  
  146  11:44  Supply Depot  
  146  11:45  Supply Depot  
  156  11:49  Marine  
  157  11:56  Marine x3  
  157  11:59  Marine  
  161  12:07  Marine x2  
  161  12:08  Marine  
  164  12:09  Supply Depot  
  164  12:12  Medivac  
  166  12:16  Command Center  
  166  12:20  Marine x4  
  170  12:27  Marine x4  
Tags
 
Composition
Bio Tank
Matchup
TvT
Race
Terran
Add a new tag
Caveats
  • Supply blocks, unpowered buildings, or Contaminate may cause inaccurate times.
  • Supply counts are checked every 10 seconds.